 Dungeon Crawl Stone Soup version 0.29.0-13-gc9e81de378 (webtiles) character file.

Game seed: 14724252718321246923

1983 Iusername the Spear-Bearer (level 9, -2/78 HPs)
             Began as a Minotaur Fighter on Sept 8, 2022.
             Was an Initiate of Trog.
             Slain by Pikel
             ... wielding a +1 whip of electrocution
              (11 damage)
             ... on level 7 of the Dungeon.
             The game lasted 00:14:03 (7303 turns).

Iusername the Spear-Bearer (Minotaur Fighter)       Turns: 7303, Time: 00:14:03

Health: -2/78      AC:  9    Str: 25    XL:     9   Next: 1%
Magic:  8/8        EV: 10    Int:  5    God:    Trog [......]
Gold:   435        SH: 10    Dex: 16    Spells: 8/8 levels left

rFire   . . .      SeeInvis .   a - +0 trident
rCold   . . .      Faith    +   v - +0 kite shield
rNeg    . . .      Spirit   .   b - +0 scale mail
rPois   .          Reflect  .   (helmet restricted)
rElec   .          Harm     .   (no cloak)
rCorr   .          Rampage  .   (no gloves)
Will    .....                   B - +0 pair of boots
Stlth   +.........              n - amulet of faith
HPRegen 0.23/turn               p - +6 ring of dexterity
MPRegen 0.11/turn               (no ring)

@: no status effects
A: horns 2, retaliatory headbutt
a: Renounce Religion


You were on level 7 of the Dungeon.
You worshipped Trog.
Trog was noncommittal.
You visited 1 branch of the dungeon, and saw 7 of its levels.

You collected 435 gold pieces.

Inventory:

Hand Weapons
 a - a +0 trident (weapon)
Missiles
 c - 2 throwing nets (quivered)
Armour
 b - a +0 scale mail (worn)
 v - a +0 kite shield (worn)
 B - a +0 pair of boots (worn)
Jewellery
 n - an amulet of faith (around neck)
 p - a +6 ring of dexterity (left hand)
 t - a ring of protection from fire
 u - an amulet of guardian spirit
 C - a +4 ring of evasion
Wands
 A - a wand of flame (23)
Scrolls
 e - 6 scrolls of teleportation
 i - 2 scrolls of poison
 j - a scroll of immolation {unknown}
 r - a scroll of blinking {unknown}
 s - a scroll of enchant weapon {unknown}
 w - a scroll of enchant armour
 y - a scroll of brand weapon {unknown}
 z - a scroll of vulnerability {unknown}
 D - a scroll of torment {unknown}
Potions
 d - 2 potions of might
 f - a potion of mutation {unknown}
 g - a potion of resistance {unknown}
 h - a potion of brilliance {unknown}
 k - 2 potions of curing
 l - a potion of berserk rage {unknown}
 m - a potion of flight {unknown}
 o - 2 potions of degeneration {unknown}
 q - 2 potions of attraction {unknown}
 x - a potion of lignification {unknown}


   Skills:
 + Level 6.7 Fighting
 + Level 8.6 Polearms
 + Level 8.5 Armour
 + Level 2.7 Dodging
 + Level 1.3 Stealth
 + Level 5.8 Shields


You had 8 spell levels left.
You didn't know any spells.
Your spell library contained the following spells:

 Spells                   Type           Power      Damage    Failure   Level
 Conjure Flame            Conj/Fire      0%         6-21      100%        3
 Gell's Gravitas          Tloc           0%         N/A       100%        3
 Ignite Poison            Fire/Tmut/Pois 0%         N/A       100%        3
 Teleport Other           Tloc           0%         N/A       100%        3
 Sticky Flame             Conj/Fire      0%         2d3       100%        4
 Dispersal                Tloc           0%         N/A       100%        6


Dungeon Overview and Level Annotations

Branches:
Dungeon (7/15)             Temple (0/1) D:7

Altars:
Cheibriados
Hepliaklqana
Kikubaaqudgha
Trog
Uskayaw
The Shining One

Shops:
D:5 ?   D:6 (   D:7 *

Annotations:
D:7 Pikel


Innate Abilities, Weirdness & Mutations

You have a pair of horns on your head.
You reflexively headbutt those who attack you in melee.


Message History

You are too injured to fight recklessly!
You hit Pikel but do no damage.
Pikel is moderately wounded.
You block the lemure's attack.
A lemure comes into view.
Pikel hits you but does no damage.
You are too injured to fight recklessly!
You hit Pikel.
Pikel is heavily wounded.
You block the lemure's attack. You block Pikel's attack.
You puncture Pikel!
Pikel is severely wounded.
The lemure hits you but does no damage. You block Pikel's attack.
Pikel waves his whip at you. Pikel hits you but does no damage.
The lemure hits you but does no damage.
You hit Pikel but do no damage.
Pikel is severely wounded.
The lemure hits you but does no damage. You block Pikel's attack.
You hit Pikel. You headbutt Pikel, but do no damage.
Pikel is almost dead.
The lemure hits you but does no damage. You block Pikel's attack.
You hit Pikel but do no damage.
Pikel is almost dead.
The lemure hits you. You block Pikel's attack.
You barely miss Pikel.
Pikel is almost dead.
The lemure hits you but does no damage. You block the lemure's attack.
Pikel hits you with a +1 whip of electrocution.
You are electrocuted!
* * * LOW HITPOINT WARNING * * *
You hit Pikel.
Pikel is almost dead.
The lemure hits you.
* * * LOW HITPOINT WARNING * * *
The lemure hits you.
* * * LOW HITPOINT WARNING * * *
Pikel hits you with a +1 whip of electrocution.
* * * LOW HITPOINT WARNING * * *
You are electrocuted!
You die...

...............
...#.......#.. .. ..
...........#.. .. ..
..#........#.# .##. .
.........#.#.# ... #.
..#......#.#.####.. ...
...............#5. .#.#.
#.#.##.....###.#K#......
#.......######.#@5..#..
#.#.##..# #....5......
#.#.##..# #.....#####.
........# #.........
....###.# #...#...#..
###.# #.# #...#..... ..#
#.# #...#.#.#.. #### #.#
#...#...... ### #...# .
..


You could see Pikel and 3 lemures.

Vanquished Creatures
  Prince Ribbit (D:5)
  Sigmund (D:6)
  A water moccasin (D:6)
  An orc warrior (D:7)
  3 black bears
  An ice beast (D:5)
  2 ogres
  A lemure (D:7)
  A phantom (D:5)
  A bullfrog (D:6)
  A gnoll sergeant (D:6)
  2 necrophages
  A howler monkey (D:6)
  An electric eel (D:6)
  A jelly (D:5)
  3 hounds
  A gnoll bouda (D:6)
  3 iguanas
  3 orc wizards
  4 gnolls (D:6)
  10 adders
  A white imp (D:7)
  An ufetubus (D:7)
  A worm (D:3)
  4 dart slugs
  19 orcs
  4 ball pythons
  8 endoplasms
  4 giant cockroaches
  6 hobgoblins
  2 jackals (D:1)
  6 kobolds
  3 quokkas
  6 bats
  3 rats
111 creatures vanquished.

Vanquished Creatures (others)
  9 fungi (D:6)
  3 plants (D:6)
12 creatures vanquished.

Grand Total: 123 creatures vanquished

Notes
Turn   | Place    | Note
-------+----------+-------------------------------------------
     0 | D:1      | Iusername the Minotaur Fighter began the quest for the Orb.
     0 | D:1      | Reached XP level 1. HP: 19/19 MP: 0/0
    87 | D:1      | Reached XP level 2. HP: 27/27 MP: 1/1
   197 | D:1      | You fall into a shaft and drop 1 floor!
   542 | D:2      | Found a snail-covered altar of Cheibriados.
   551 | D:2      | Reached XP level 3. HP: 24/33 MP: 2/2
   982 | D:3      | Found a snail-covered altar of Cheibriados.
  1147 | D:3      | Found a faded altar of an unknown god.
  1203 | D:3      | Identified the +1 ring mail of the Moon {Rampage rElec
                  | Dex+5 Stlth+}
  1565 | D:3      | Noticed a black bear
  1579 | D:3      | HP: 1/34 [black bear (1)]
  1580 | D:3      | Killed a black bear
  1581 | D:3      | Reached XP level 4. HP: 1/41 MP: 3/3
  1581 | D:3      | Reached XP level 5. HP: 1/47 MP: 4/4
  2299 | D:3      | Found a glowing golden altar of the Shining One.
  2896 | D:4      | Reached skill level 5 in Armour
  3397 | D:5      | Entered Level 5 of the Dungeon
  3419 | D:5      | Reached skill level 5 in Polearms
  3419 | D:5      | Reached skill level 1 in Dodging
  3419 | D:5      | Reached XP level 6. HP: 43/53 MP: 5/5
  3494 | D:5      | Noticed an ice beast
  3496 | D:5      | Found Coreicru's Magic Scroll Shop.
  3510 | D:5      | HP: 1/53 [ice beast (14)]
  3513 | D:5      | Killed an ice beast
  3514 | D:5      | Reached skill level 5 in Fighting
  3514 | D:5      | Reached XP level 7. HP: 26/61 MP: 0/6
  3973 | D:5      | Found a hazy altar of Hepliaklqana.
  4033 | D:5      | Found a hide-covered altar of Uskayaw.
  4195 | D:5      | Noticed Prince Ribbit
  4219 | D:5      | Killed Prince Ribbit
  5053 | D:6      | Reached XP level 8. HP: 69/70 MP: 7/7
  5191 | D:6      | Noticed Sigmund
  5217 | D:6      | HP: 3/70 [something (2)]
  5218 | D:6      | Killed Sigmund
  5219 | D:6      | Reached skill level 5 in Shields
  5415 | D:6      | Reached skill level 1 in Stealth
  6044 | D:6      | Found a bloodstained altar of Trog.
  6569 | D:6      | Found Mouggut's Weapon Shop.
  6884 | D:6      | Became a worshipper of Trog the Wrathful
  7130 | D:7      | Found a staircase to the Ecumenical Temple.
  7149 | D:7      | Found an ancient bone altar of Kikubaaqudgha.
  7175 | D:7      | Found Sotohea's Gadget Gallery.
  7251 | D:7      | Reached XP level 9. HP: 78/78 MP: 8/8
  7278 | D:7      | Noticed Pikel
  7303 | D:7      | Slain by Pikel

Illustrated notes

Levels and vault maps discovered:
D:1:      lemuel_arrival_cross, layout_basic
D:2:      layout_basic, basic_altar
D:3:      layout_basic, old_standard_altar, slow_altar_1,
          hellmonk_ecumenical_altar_prayer_group
D:4:      layout_gridville, chequers_serial_rivers_small_b
D:5:      layout_rooms, mainiacjoe_overflow_catch_the_wave, serial_rivers,
          chequers_serial_rivers_small_3, chequers_serial_rivers_micro_a,
          chequers_serial_rivers_room_a, chequers_serial_rivers_room_b,
          serial_shops, shop, uniq_prince_ribbit1
D:6:      layout_rooms, trog_ov_bears_minmay, serial_shops,
          nicolae_shop_temple_entry_statues_fountains, serial_aquarium,
          aquarium_bridge_long_joined [aquarium_subvault_bridge,
          aquarium_subvault_balcony, aquarium_subvault_wall,
          aquarium_subvault_balcony, aquarium_subvault_bridge,
          aquarium_subvault_bridge], aquarium_window_fake,
          aquarium_window_corridor_2, aquarium_window_2, aquarium_window_1,
          aquarium_view_2a, serial_bayou_pond_b, uniq_sigmund
D:7:      layout_basic, amcnicky_altar_gilded,
          mainiacjoe_overflow_small_starburst, okawaru_altar_gauntlet_db,
          minmay_temple_entry_offerings, st_stairs_12, hangedman_decor_lopped,
          nicolae_shop_gadgets, uniq_pikel

Skill      XL: |  1  2  3  4  5  6  7  8 |
---------------+-------------------------+-----
Shields        | 4 5 |  5.8
Fighting       | 4 5 6 |  6.7
Armour         | 4 5 6 7 8 |  8.5
Polearms       | 4 5 6 7 8 |  8.6
Dodging        | 1 2 |  2.7
Stealth        | 1 |  1.3

Action                   |  1- 3 |  4- 6 |  7- 9 || total
-------------------------+-------+-------+-------++-------
Melee: Trident           |   122 |    61 |   204 ||   387
       Headbutt          |    17 |     7 |    41 ||    65
Throw: Throwing net      |       |       |     1 ||     1
  Use: Potion            |     1 |     3 |     2 ||     6
       Scroll            |       |     3 |     1 ||     4
Armor: Scale mail        |    56 |    21 |    73 ||   150
Dodge: Dodged            |    45 |    14 |    61 ||   120
Block: Buckler           |    14 |     7 |    20 ||    41
       Kite shield       |       |       |    47 ||    47
